[Event "Tournament of Champions Women 2018"]
[Site "Pleven"]
[Date "2018.05.14"]
[Round "1"]
[White "Nikolova, Adriana"]
[Black "Genova, Lyubka"]
[Result "1-0"]
[ECO "B22"]
[WhiteElo "2275"]
[BlackElo "2202"]
[Annotator "ChessBase"]
[PlyCount "71"]
[EventDate "2018.??.??"]
[EventCountry "BUL"]
[SourceTitle "playchess.com"]
[Source "ChessBase"]
[SourceQuality "1"]
[TimeControl "5400+30"]

1. e4 c5 2. Nf3 e6 3. c3 Nf6 4. e5 Nd5 5. d4 cxd4 6. cxd4 d6 7. Bc4 Be7 8. O-O O-O 9. Qe2 b6 10. Nbd2 Bb7 11. Ne4 dxe5 12. dxe5 Nd7 13. Bd2 Nc5 14. Nxc5 Bxc5 15. Ng5 Be7 16. Qg4 Qc7 17. Rfe1 Rac8 18. Rac1 Qd7 19. Bd3 Bxg5 20. Bxg5 Rxc1 21. Rxc1 Rc8 22. Rd1 Qc7 23. Re1 Qc5 24. Bd2 a5 25. a3 Qc6 26. Bh6 g6 27. h4 b5 28. h5 Qe8 29. hxg6 hxg6 30. Qh4 b4 31. axb4 axb4 32. Be4 Rc4 33. Rd1 b3 34. Rxd5 Bxd5 35. Qf6 Rc1+ 36. Kh2 1-0

[Event "Tournament of Champions Women 2018"]
[Site "Pleven"]
[Date "2018.05.14"]
[Round "1"]
[White "Radeva, Viktoria"]
[Black "Videnova, Iva"]
[Result "0-1"]
[ECO "B45"]
[WhiteElo "2275"]
[BlackElo "2345"]
[Annotator "ChessBase"]
[PlyCount "106"]
[EventDate "2018.??.??"]
[EventCountry "BUL"]
[SourceTitle "playchess.com"]
[Source "ChessBase"]
[SourceQuality "1"]
[TimeControl "5400+30"]

1. e4 c5 2. Nf3 e6 3. d4 cxd4 4. Nxd4 Nf6 5. Nc3 Nc6 6. Be2 Bb4 7. Nxc6 bxc6 8. Qd3 a5 9. e5 Nd5 10. Qg3 g6 11. O-O f5 12. h4 Be7 13. h5 g5 14. h6 Ba6 15. Bh5+ Kf8 16. Nxd5 cxd5 17. Rd1 g4 18. Rd4 Rg8 19. b3 d6 20. exd6 Bxd6 21. Bf4 Bxf4 22. Rxf4 Qf6 23. Re1 Qxh6 24. Bxg4 Rg6 25. Qf3 Bb7 26. Bh3 Rd8 27. Rd4 Rd7 28. Qc3 Kg8 29. a4 Qg7 30. Qe3 Re7 31. g3 Rg5 32. Bg2 Kf8 33. Rh4 h6 34. c4 Rg6 35. Qc5 Qc3 36. Re3 Qc1+ 37. Kh2 Kf7 38. Rf4 Rg5 39. Rh4 h5 40. Qxa5 Qb2 41. Qe1 d4 42. Re2 Qxb3 43. Bxb7 d3 44. Re3 Rxb7 45. Rd4 Qxa4 46. Rxe6 Qc2 47. Red6 Qe2 48. Qg1 h4 49. Rxd3 hxg3+ 50. Rxg3 Qh5+ 51. Kg2 Rxg3+ 52. Kxg3 Rb3+ 53. Kf4 Qh4+ 0-1

[Event "Tournament of Champions Women 2018"]
[Site "Pleven"]
[Date "2018.05.14"]
[Round "1"]
[White "Antova, Gabriela"]
[Black "Voiska, Margarita"]
[Result "1/2-1/2"]
[ECO "A56"]
[WhiteElo "2270"]
[BlackElo "2273"]
[Annotator "NA"]
[PlyCount "65"]
[EventDate "2018.??.??"]
[EventCountry "BUL"]
[SourceTitle "playchess.com"]
[Source "ChessBase"]
[SourceQuality "1"]
[TimeControl "5400+30"]

1. d4 c5 2. d5 Nf6 3. c4 e5 4. e4 d6 5. Nc3 Be7 6. Be2 h5 {LiveBook: 6 Games A56: Czech Benoni} (6... Nbd7 7. Nf3 Nf8 8. h4 h6 9. Nh2 Bd7 10. a3 a6 11. Be3 Ng6 12. g3 O-O 13. h5 Nh8 14. b4 b6 15. f4 exf4 16. gxf4 {0-1 (49) Holt,C (2567)-Finegold,B (2483) chess.com INT 2017}) 7. Nf3 h4 8. h3 Nbd7 9. Be3 a6 (9... Nh5 $142) 10. Qd2 Nh5 $146 ({Predecessor:} 10... Nf8 11. Bg5 Ng6 12. O-O Nh5 13. Bxe7 Qxe7 14. a3 Ngf4 {1-0 (32) Comp Pandix-Van den Berg,A (2230) The Hague 1995}) 11. a3 g6 12. O-O-O Bf6 13. Rhg1 Nf4 14. Bf1 Nb6 15. Re1 g5 16. b3 Bd7 17. g3 hxg3 18. fxg3 Nxh3 19. Bxh3 Rxh3 20. Nxg5 Rh5 21. Rh1 Bg4 22. Rxh5 Bxh5 23. Nh7 Bg6 24. Nxf6+ Qxf6 25. Bg5 Qf3 26. Bh4 Kd7 27. Kb2 Re8 28. Re2 Kc7 29. Rf2 Qg4 30. Qe3 Nd7 31. a4 Rh8 32. a5 Rh5 $11 33. Qf3 1/2-1/2

[Event "Tournament of Champions Women 2018"]
[Site "Pleven"]
[Date "2018.05.14"]
[Round "1"]
[White "Velcheva, Maria"]
[Black "Salimova, Nurgyul"]
[Result "0-1"]
[ECO "C24"]
[WhiteElo "2233"]
[BlackElo "2260"]
[Annotator "NA"]
[PlyCount "82"]
[EventDate "2018.??.??"]
[EventCountry "BUL"]
[SourceTitle "playchess.com"]
[Source "ChessBase"]
[SourceQuality "1"]
[TimeControl "5400+30"]

1. e4 e5 2. Bc4 Nf6 3. d3 c6 4. Nf3 d5 5. Bb3 Bb4+ {C24: Bishop's Opening: 2...Nf6} (5... Qc7 6. Nc3 dxe4 7. Nxe4 Nxe4 8. dxe4 Be7 9. Ng5 Bxg5 10. Bxg5 Na6 11. Be3 O-O 12. Qd2 Qe7 13. Qc3 {1-0 (27) Carlsen,M (2837)-Wang,Y (2690) Riadh 2017}) 6. Bd2 Bxd2+ 7. Qxd2 O-O {LiveBook: 10 Games} 8. Nc3 Re8 9. h3 $146 ({Predecessor:} 9. O-O Bg4 10. Qg5 Bxf3 11. gxf3 Na6 12. Rae1 Nc5 13. exd5 Nxb3 14. axb3 Nxd5 15. Qxd8 Raxd8 16. Nxd5 cxd5 {½-½ (42) Domanski,L (2121)-Kucza,K (2325) Krakow 2017}) 9... a5 10. a4 Na6 11. O-O Nc5 12. Ba2 dxe4 13. dxe4 Qxd2 14. Nxd2 Be6 15. Bxe6 Nxe6 16. Nc4 Nd4 17. Ne3 h5 18. Rfd1 Rad8 19. g3 h4 20. Kg2 g6 21. gxh4 Nh5 22. f3 Nf4+ 23. Kg3 Kg7 24. Rd2 Rh8 25. Rad1 {[#]} Rh7 (25... g5 $1 $17 26. hxg5 Rxh3+ 27. Kg4 Nxf3 28. Rxd8 Nh2+ 29. Kf5 Ng6) 26. Ng2 $2 (26. Ng4 $1 $14 {keeps the upper hand.}) 26... Nxg2 27. Kxg2 Rdh8 28. Ne2 Ne6 29. Rd7 Nc5 30. Rc7 Rxh4 31. Ng1 Rb8 32. Kg3 Rhh8 33. b3 Rhd8 34. Rxd8 Rxd8 35. f4 $2 (35. h4 $1 $11) 35... exf4+ 36. Kf3 Rd2 37. Ne2 Rxc2 38. Nxf4 Rc3+ 39. Kg4 Rxb3 40. e5 Rb4 41. Kg5 Rxf4 0-1

[Event "Tournament of Champions Women 2018"]
[Site "Pleven"]
[Date "2018.05.16"]
[Round "3"]
[White "Nikolova, Adriana"]
[Black "Videnova, Iva"]
[Result "0-1"]
[ECO "B22"]
[WhiteElo "2275"]
[BlackElo "2345"]
[Annotator "NA"]
[PlyCount "128"]
[EventDate "2018.??.??"]
[EventCountry "BUL"]
[SourceTitle "playchess.com"]
[Source "ChessBase"]
[SourceQuality "1"]
[TimeControl "5400+30"]

1. e4 c5 2. Nf3 e6 3. c3 d5 4. exd5 Qxd5 5. d4 Nf6 6. Na3 Nc6 7. Nb5 Qd8 8. dxc5 Bxc5 9. Qxd8+ Kxd8 10. b4 {B22: Sicilian: 2 c3} (10. Bf4 Ne4 11. Rd1+ Ke7 12. Nbd4 Nxd4 13. Nxd4 Bd6 14. Bc1 e5 15. Bd3 Nxc3 16. bxc3 exd4 17. O-O Be6 18. cxd4 Bxa2 {0-1 (41) Fernandez,D (2505)-Alekseev,E (2617) Batumi 2018}) 10... Bb6 11. Nd6 Ke7 {LiveBook: 23 Games} 12. Nc4 $1 Ne4 13. Nxb6 axb6 14. Bb2 f6 15. Bd3 Nd6 16. a4 e5 17. Nd2 Be6 18. Ke2 $146 ({Predecessor:} 18. O-O Rad8 19. Rad1 Rd7 20. Bc2 Rhd8 21. h3 Bf5 {½-½ (21) Baldus,A (2260)-Chorfi,K ICCF corr 1994}) 18... Kf7 19. h4 h5 20. f3 Rhd8 21. Rhg1 Ne7 22. g3 Rd7 23. Rg2 Rad8 24. Bc1 Rc8 25. Ra3 Nd5 26. Bb2 Rdc7 27. Nb1 Nf5 28. Rg1 Nxg3+ 29. Rxg3 Nf4+ 30. Ke3 Nxd3 31. Kxd3 Bf5+ 32. Ke3 Bxb1 33. a5 b5 34. Rg1 Bf5 35. Rd1 Rd7 36. Rxd7+ Bxd7 37. Ra1 Rc4 38. Rh1 Rf4 39. Rh2 Bc6 40. Rh3 Bd5 41. Bc1 Rc4 42. Bd2 Ke6 43. Kd3 Bxf3 44. Be3 Bg4 45. Rh2 Bf5+ 46. Kd2 Rc7 47. Rg2 Rd7+ 48. Kc1 Bd3 49. Bc5 g6 50. Be3 Kf7 51. Rd2 Ke6 52. Rg2 Be4 53. Rh2 Rc7 54. Kd2 f5 55. Bg5 f4 56. Re2 Kf5 57. Re1 Rd7+ 58. Ke2 Bd3+ 59. Kf2 e4 (59... Bc4 $142 60. Kg1 e4) 60. Ra1 e3+ 61. Ke1 Ke4 62. a6 f3 63. Bxe3 Kxe3 64. Ra2 Be2 0-1

[Event "Tournament of Champions Women 2018"]
[Site "Pleven"]
[Date "2018.05.16"]
[Round "3"]
[White "Radeva, Viktoria"]
[Black "Salimova, Nurgyul"]
[Result "1/2-1/2"]
[ECO "C55"]
[WhiteElo "2275"]
[BlackElo "2260"]
[Annotator "NA"]
[PlyCount "61"]
[EventDate "2018.??.??"]
[EventCountry "BUL"]
[SourceTitle "playchess.com"]
[Source "ChessBase"]
[SourceQuality "1"]
[TimeControl "5400+30"]

1. e4 e5 2. Nf3 Nc6 3. Bc4 Nf6 4. d3 Be7 5. O-O O-O 6. c3 d6 7. a4 {C55: Two Knights: 4 d3, 4 d4 exd4 5 e5 and Max Lange Attack} Na5 8. Ba2 c5 9. Nbd2 Nc6 10. Re1 h6 (10... Be6 11. Bxe6 fxe6 12. b4 cxb4 13. cxb4 Nxb4 14. Qb3 d5 15. Nxe5 Rc8 {0-1 (55) Kramnik,V (2812)-Carlsen,M (2855) Paris 2016}) 11. Nf1 Be6 {LiveBook: 3 Games} 12. Bxe6 fxe6 13. Ng3 Rf7 $146 ({Predecessor:} 13... Qd7 14. h3 Rf7 15. d4 cxd4 16. cxd4 {1-0 (74) Alonso,S (2490)-Barrionuevo,P (2337) Buenos Aires 2010}) 14. Bd2 Rc8 15. h3 Nh7 16. Qb3 Qd7 17. Rad1 Rcf8 18. Be3 Rxf3 19. gxf3 Ng5 20. Bxg5 Bxg5 21. Qc2 Ne7 22. d4 cxd4 23. cxd4 Ng6 24. Qb3 Kh7 25. Ne2 Nh4 26. Rd3 Qf7 27. dxe5 dxe5 28. Red1 Nxf3+ 29. Rxf3 Qxf3 30. Qxf3 Rxf3 $17 31. Nc3 1/2-1/2

[Event "Tournament of Champions Women 2018"]
[Site "Pleven"]
[Date "2018.05.16"]
[Round "3"]
[White "Antova, Gabriela"]
[Black "Velcheva, Maria"]
[Result "1/2-1/2"]
[ECO "D45"]
[WhiteElo "2270"]
[BlackElo "2233"]
[Annotator "NA"]
[PlyCount "57"]
[EventDate "2018.??.??"]
[EventCountry "BUL"]
[SourceTitle "playchess.com"]
[Source "ChessBase"]
[SourceQuality "1"]
[TimeControl "5400+30"]

1. d4 d5 2. Nf3 Nf6 3. c4 e6 4. Nc3 c6 5. e3 Nbd7 6. Qc2 b6 7. Bd3 Bb7 8. O-O Be7 9. Rd1 {D45: Semi-Slav: 5 e3} Qc7 10. b3 h6 11. Bb2 Rd8 12. Rac1 O-O 13. cxd5 exd5 {LiveBook: 3 Games [#]} 14. h3 $146 ({Predecessor:} 14. Bf5 Qb8 15. Ne5 Rfe8 16. Ne2 Bd6 17. Nxc6 Bxh2+ {½-½ (50) Svane,R (2549)-Dreev,A (2664) Helsingor 2016}) 14... Rfe8 15. a3 Qb8 16. b4 Rc8 17. Qe2 c5 18. dxc5 bxc5 19. bxc5 Nxc5 20. Bb5 Red8 21. Na4 Nxa4 22. Bxa4 $11 (22. Be5 $5 Bd6 23. Bxf6 Rxc1 24. Rxc1 $11) 22... Rxc1 23. Rxc1 Ba6 24. Qc2 Rc8 25. Qb3 Bc4 26. Qc3 Ba6 27. Qb3 Bc4 28. Qc3 Ba6 29. Qb3 1/2-1/2

[Event "Tournament of Champions Women 2018"]
[Site "Pleven"]
[Date "2018.05.16"]
[Round "3"]
[White "Raeva, Elitsa"]
[Black "Genova, Lyubka"]
[Result "1/2-1/2"]
[ECO "E14"]
[WhiteElo "2254"]
[BlackElo "2202"]
[Annotator "NA"]
[PlyCount "56"]
[EventDate "2018.??.??"]
[EventCountry "BUL"]
[SourceTitle "playchess.com"]
[Source "ChessBase"]
[SourceQuality "1"]
[TimeControl "5400+30"]

1. d4 Nf6 2. Nf3 e6 3. e3 c5 4. Bd3 b6 5. O-O Be7 6. c4 cxd4 7. exd4 Bb7 8. Nc3 O-O 9. d5 Bb4 10. Ne4 {LiveBook: 10 Games E14: Queen's Indian: Classical Variation (4 e3)} exd5 11. Nxf6+ Qxf6 12. cxd5 h6 13. Nd4 $146 ({Predecessor:} 13. a3 Bd6 14. Bc2 Bf4 15. Qd3 g6 16. Bxf4 Qxf4 17. Rfe1 Na6 {1-0 (37) Miles,A (2590)-Kelly,B (2405) England 1998}) 13... Bc5 14. Nf5 Ba6 15. Bxa6 Nxa6 16. Qg4 Qg6 17. Qf3 Rfe8 18. a3 Bf8 19. b4 Nc7 20. Bb2 Nb5 21. Rad1 Nd6 22. Ne3 Ne4 23. h4 h5 24. Rfe1 b5 25. Nf5 Nd6 26. Ng3 Qg4 27. Nxh5 $15 Qxf3 28. gxf3 Nc4 1/2-1/2

[Event "Tournament of Champions Women 2018"]
[Site "Pleven"]
[Date "2018.05.16"]
[Round "3"]
[White "Gocheva, Rumiana"]
[Black "Voiska, Margarita"]
[Result "1/2-1/2"]
[ECO "C00"]
[WhiteElo "2059"]
[BlackElo "2273"]
[Annotator "NA"]
[PlyCount "105"]
[EventDate "2018.??.??"]
[EventCountry "BUL"]
[SourceTitle "playchess.com"]
[Source "ChessBase"]
[SourceQuality "1"]
[TimeControl "5400+30"]

1. e4 e6 2. d3 d5 3. Qe2 dxe4 4. dxe4 e5 5. Nf3 Nc6 6. c3 Nf6 7. Qc2 Bc5 {LiveBook: 6 Games C00: French: Unusual White 2nd moves} 8. Bc4 $146 ({Predecessor:} 8. b4 Bd6 9. a3 O-O 10. Nbd2 a5 11. Rb1 axb4 12. axb4 Ne7 13. Be2 Ng6 14. g3 Bh3 15. Ng5 {1-0 (58) Fedorov,A (2574)-Provotorov,I (2369) Voronezh 2014}) 8... h6 9. Nbd2 Qe7 10. b4 Bb6 11. a4 a5 12. Qb3 axb4 13. cxb4 Ng4 14. O-O Nd4 15. Nxd4 Bxd4 16. Ra2 Be6 17. Nf3 O-O 18. h3 Nf6 19. Nxd4 exd4 20. Bxe6 Qxe6 21. Qxe6 fxe6 22. e5 Nd5 23. Bd2 c6 24. a5 g5 25. Rc2 Nc7 26. f4 gxf4 $1 27. Rxf4 Rxf4 28. Bxf4 Kg7 29. Rd2 Rd8 30. Rd3 Na6 31. Bd2 c5 32. bxc5 (32. b5 $11 Nb8 33. Rg3+ Kh7 34. Rf3) 32... Nxc5 33. Rg3+ Kh7 34. Kf1 {[#]} Ne4 (34... Rd5 $1 $17 35. Ke1 Rxe5+ 36. Kd1 h5) 35. Rd3 Kg6 36. g4 Nxd2+ 37. Rxd2 Rd5 38. Kf2 h5 39. Kf3 hxg4+ 40. hxg4 Rxa5 41. Rxd4 Rxe5 42. Rd6 b5 43. Rb6 Kf6 44. Kf4 Rc5 45. Ke4 Rc4+ 46. Kd3 Rb4 47. g5+ Kf5 48. g6 Rb3+ 49. Kc2 Rg3 50. Rxb5+ e5 51. Kd2 Rxg6 52. Rb3 $11 Rg2+ 53. Ke1 1/2-1/2

[Event "Tournament of Champions Women 2018"]
[Site "Pleven"]
[Date "2018.05.17"]
[Round "4"]
[White "Salimova, Nurgyul"]
[Black "Genova, Lyubka"]
[Result "0-1"]
[ECO "B47"]
[WhiteElo "2260"]
[BlackElo "2202"]
[Annotator "ChessBase"]
[PlyCount "64"]
[EventDate "2018.??.??"]
[EventCountry "BUL"]
[SourceTitle "playchess.com"]
[Source "ChessBase"]
[SourceQuality "1"]
[TimeControl "5400+30"]

1. e4 c5 2. Nf3 e6 3. d4 cxd4 4. Nxd4 Nc6 5. Nc3 Qc7 6. Be2 Nf6 7. O-O b6 8. Bg5 a6 9. Nxc6 dxc6 10. Bxf6 gxf6 11. Qd4 Be7 12. Rad1 Bb7 13. Kh1 h5 14. Qe3 h4 15. Qh3 Bd6 16. a3 O-O-O 17. b4 Rdg8 18. Na4 Bg3 19. c4 c5 20. bxc5 bxc5 21. Rd5 Bxd5 22. cxd5 Qd6 23. Bc4 Re8 24. Rb1 Bxf2 25. Qf3 Bd4 26. Rb6 Qe5 27. dxe6 fxe6 28. Qb3 Qxe4 29. Rb8+ Kd7 30. Rb7+ Kd6 31. Rb6+ Ke5 32. Qd1 h3 0-1

[Event "Tournament of Champions Women 2018"]
[Site "Pleven"]
[Date "2018.05.17"]
[Round "5"]
[White "Nikolova, Adriana"]
[Black "Radeva, Viktoria"]
[Result "1-0"]
[ECO "D02"]
[WhiteElo "2275"]
[BlackElo "2275"]
[Annotator "NA"]
[PlyCount "71"]
[EventDate "2018.??.??"]
[EventCountry "BUL"]
[SourceTitle "playchess.com"]
[Source "ChessBase"]
[SourceQuality "1"]
[TimeControl "5400+30"]

1. d4 d5 2. Bf4 Nf6 3. Nf3 e6 4. e3 c5 5. c3 Bd6 6. Ne5 {D02: 1 d4 d5 2 Nf3 sidelines, including 2...Nf6 3 g3 and 2...Nf6 3 Bf4} O-O {LiveBook: 8 Games} 7. Nd2 Qc7 (7... Nc6 8. Nxc6 bxc6 9. dxc5 Bxc5 10. Bd3 Bd6 11. Bg5 h6 12. Bh4 a5 13. O-O Be7 14. e4 Ba6 15. Bxa6 Rxa6 {½-½ (54) Mamedyarov,S (2804)-Khachiyan,M (2522) chess.com INT 2018}) 8. Bd3 Nbd7 9. Ndf3 b6 10. Qb1 $146 ({Predecessor:} 10. O-O Bb7 11. Qe2 c4 12. Bc2 b5 13. Kh1 Ne8 14. g4 f6 15. Nxd7 Qxd7 {1-0 (55) Hommer,J (1813)-Schnegelberger,L (1924) Vellmar 2016}) 10... h6 11. g4 Bb7 12. h4 Ne4 13. g5 h5 14. g6 (14. Qd1 $14) 14... f6 15. Nxd7 Qxd7 16. Bxd6 Qxd6 17. Qd1 Rfd8 $18 18. Nd2 cxd4 19. Qxh5 Rd7 20. Nxe4 dxe4 21. Bb5 Bc6 22. Qh7+ Kf8 23. Qh8+ Ke7 24. Qxg7+ Ke8 25. Qg8+ Ke7 26. Qf7+ Kd8 27. Qxf6+ Kc7 28. Bxc6 Rf8 29. Qxd4 Qxc6 30. Qe5+ Kb7 31. g7 Rg8 32. Rg1 Rd5 33. Qf6 Rf5 34. Qe7+ Ka6 35. Rd1 Qc4 36. Rd7 1-0

[Event "Tournament of Champions Women 2018"]
[Site "Pleven"]
[Date "2018.05.17"]
[Round "5"]
[White "Antova, Gabriela"]
[Black "Salimova, Nurgyul"]
[Result "1/2-1/2"]
[ECO "D76"]
[WhiteElo "2270"]
[BlackElo "2260"]
[Annotator "NA"]
[PlyCount "74"]
[EventDate "2018.??.??"]
[EventCountry "BUL"]
[SourceTitle "playchess.com"]
[Source "ChessBase"]
[SourceQuality "1"]
[TimeControl "5400+30"]

1. d4 Nf6 2. Nf3 g6 3. c4 Bg7 4. g3 O-O 5. Bg2 d5 6. cxd5 Nxd5 7. O-O Nc6 {LiveBook: 590 Games} 8. Nc3 Nb6 9. d5 Na5 10. e4 c6 11. Bf4 cxd5 12. Nxd5 Nxd5 13. exd5 Nc4 14. Rc1 Nb6 15. d6 exd6 16. b3 d5 17. Nd4 Bd7 18. a4 Qf6 19. Be3 Rac8 20. Qd2 Qd6 21. Qa5 Rxc1 22. Rxc1 Rc8 23. Rxc8+ Nxc8 24. Qxd5 $11 Qxd5 25. Bxd5 b6 26. Nc6 Bf6 27. Bf3 Bc3 28. Bd5 Bf6 29. Kf1 Ne7 30. Nxe7+ Bxe7 31. Ke2 Bf5 32. Bd4 Kf8 33. f3 h5 34. a5 bxa5 35. Bxa7 Bd7 36. Bb6 a4 37. bxa4 Bxa4 1/2-1/2

[Event "Tournament of Champions Women 2018"]
[Site "Pleven"]
[Date "2018.05.17"]
[Round "5"]
[White "Raeva, Elitsa"]
[Black "Videnova, Iva"]
[Result "1/2-1/2"]
[ECO "A05"]
[WhiteElo "2254"]
[BlackElo "2345"]
[Annotator "NA"]
[PlyCount "73"]
[EventDate "2018.??.??"]
[EventCountry "BUL"]
[SourceTitle "playchess.com"]
[Source "ChessBase"]
[SourceQuality "1"]
[TimeControl "5400+30"]

1. Nf3 c5 2. e3 Nf6 3. b3 g6 4. Bb2 Bg7 5. Be2 O-O {LiveBook: 103 Games} 6. O-O b6 {A05: Réti Opening: 1 Nf3 Nf6} (6... Nc6 7. d4 cxd4 8. Nxd4 b6 9. c4 Bb7 10. Bf3 Qc7 11. Nc3 Nxd4 12. Bxb7 Qxb7 13. Qxd4 Ne4 14. Qxe4 Qxe4 15. Nxe4 Bxb2 16. Rad1 d6 17. Rd5 a6 18. Rb1 {½-½ (36) Dragun,K (2621)-Sadzikowski,D (2563) Warsaw 2017}) 7. d3 Bb7 8. Nbd2 d6 9. c4 d5 10. cxd5 Nxd5 $146 ({Predecessor:} 10... Bxd5) 11. Bxg7 Kxg7 12. Qc2 Nc6 13. Qb2+ Kg8 14. Rad1 Qc7 15. Rc1 e5 16. Rfd1 Qe7 17. Bf1 Rad8 18. a4 Ndb4 19. Nc4 Rfe8 20. d4 cxd4 21. exd4 exd4 22. Nxd4 Nxd4 23. Rxd4 Nc6 24. Rf4 $11 Qg5 25. g3 Nd4 26. Rxd4 Rxd4 27. Qxd4 Qxc1 28. Qd7 Re1 29. Qd8+ Kg7 30. Qd4+ Kf8 31. Qd8+ Re8 32. Qd6+ Kg8 33. Qd7 Re1 34. Qd8+ Kg7 35. Qd4+ Kf8 36. Qd8+ Kg7 37. Qd4+ 1/2-1/2

[Event "Tournament of Champions Women 2018"]
[Site "Pleven"]
[Date "2018.05.17"]
[Round "5"]
[White "Genova, Lyubka"]
[Black "Voiska, Margarita"]
[Result "1-0"]
[ECO "B31"]
[WhiteElo "2202"]
[BlackElo "2273"]
[Annotator "NA"]
[PlyCount "73"]
[EventDate "2018.??.??"]
[EventCountry "BUL"]
[SourceTitle "playchess.com"]
[Source "ChessBase"]
[SourceQuality "1"]
[TimeControl "5400+30"]

1. e4 c5 2. Nf3 Nc6 3. Bb5 g6 4. Bxc6 dxc6 5. h3 Bg7 6. Nc3 e5 7. d3 Ne7 8. Be3 b6 9. Qd2 {B31: Sicilian: 2...Nc6 3 Bb5 g6} h6 10. g4 (10. a3 a5 11. Nh2 Be6 12. O-O g5 13. Ne2 O-O 14. Ng3 a4 15. Nh5 f6 16. Rfd1 Qe8 {1-0 (41) Ivanchuk,V (2766)-Radjabov,T (2793) Beijing 2012}) 10... Be6 11. O-O-O Qd7 12. Rhg1 h5 $146 ({Predecessor:} 12... O-O-O 13. b3 f6 14. Qe2 h5 15. Nd2 hxg4 16. hxg4 g5 {½-½ (30) Gunnarsson,J (2462)-Georgiev,V (2537) Novi Sad 2009}) 13. Ng5 hxg4 14. Nxe6 Qxe6 15. hxg4 O-O-O 16. b3 Rh2 17. a4 a5 18. Nb1 Kb7 19. Na3 Nc8 20. Nc4 Nd6 21. Qc3 Nxc4 22. bxc4 Bf6 23. g5 Be7 24. Kb2 Bd6 25. Rb1 Bc7 26. Ka2 Kc8 27. Rb3 f5 $18 (27... Kd7 $142) 28. gxf6 Qxf6 29. Rgb1 Rxf2 30. Rxb6 Bxb6 31. Rxb6 Kc7 32. Qxa5 Kd7 33. Kb2 Ke8 34. Qxc5 Re2 35. Rxc6 Rb8+ 36. Kc3 Qe7 37. Rxg6 1-0

[Event "Tournament of Champions Women 2018"]
[Site "Pleven"]
[Date "2018.05.17"]
[Round "5"]
[White "Gocheva, Rumiana"]
[Black "Velcheva, Maria"]
[Result "1/2-1/2"]
[ECO "C55"]
[WhiteElo "2059"]
[BlackElo "2233"]
[Annotator "NA"]
[PlyCount "27"]
[EventDate "2018.??.??"]
[EventCountry "BUL"]
[SourceTitle "playchess.com"]
[Source "ChessBase"]
[SourceQuality "1"]
[TimeControl "5400+30"]

1. e4 e5 2. Bc4 Nf6 3. d3 Nc6 4. Nf3 h6 5. Nbd2 g6 6. O-O Bg7 7. c3 d6 8. Bb3 O-O 9. h3 Qe7 10. Nc4 Kh7 $14 11. Bc2 Be6 12. Ne3 d5 13. Re1 dxe4 14. dxe4 1/2-1/2

[Event "Tournament of Champions Women 2018"]
[Site "Pleven"]
[Date "2018.05.18"]
[Round "6"]
[White "Videnova, Iva"]
[Black "Genova, Lyubka"]
[Result "1-0"]
[ECO "B48"]
[WhiteElo "2345"]
[BlackElo "2202"]
[Annotator "NA"]
[PlyCount "87"]
[EventDate "2018.??.??"]
[EventCountry "BUL"]
[SourceTitle "playchess.com"]
[Source "ChessBase"]
[SourceQuality "1"]
[TimeControl "5400+30"]

1. e4 c5 2. Nf3 e6 3. d4 cxd4 4. Nxd4 Nc6 5. Nc3 Qc7 6. Be3 a6 7. Qf3 Nf6 8. O-O-O Be7 9. Be2 Nxd4 10. Bxd4 e5 11. Qg3 d6 12. Qxg7 Rf8 13. Be3 Be6 $16 14. Nd5 Bxd5 15. exd5 Rc8 16. c4 b5 17. c5 Qd7 18. Kb1 Rg8 19. Qh6 Qf5+ 20. Bd3 e4 21. Bc2 Nxd5 22. Rxd5 Qxd5 23. Qxh7 Rg6 24. Rd1 Qe6 25. Bb3 Qf6 26. Qh3 Rc7 27. Rd5 Qg7 28. Rh5 Rxg2 29. Rh7 Rg1+ 30. Kc2 Qg4 31. Bxf7+ Kd7 32. Qxg4+ Rxg4 33. Kd2 dxc5 34. Rh6 Rh4 35. Rxa6 Bd6 36. Bd5 Rg4 37. h3 Rh4 38. Ke2 Rxh3 39. Bxe4 Rh4 40. Bf5+ Ke8 41. Rxd6 c4 42. Bg5 Rh1 43. Be6 Kf8 44. Bf6 1-0

[Event "Tournament of Champions Women 2018"]
[Site "Pleven"]
[Date "2018.05.18"]
[Round "6"]
[White "Radeva, Viktoria"]
[Black "Gocheva, Rumiana"]
[Result "1-0"]
[ECO "C09"]
[WhiteElo "2275"]
[BlackElo "2059"]
[Annotator "NA"]
[PlyCount "95"]
[EventDate "2018.??.??"]
[EventCountry "BUL"]
[SourceTitle "playchess.com"]
[Source "ChessBase"]
[SourceQuality "1"]
[TimeControl "5400+30"]

1. e4 e6 2. d4 d5 3. Nd2 c5 4. exd5 exd5 5. Ngf3 Nc6 6. Bb5 Qe7+ 7. Be2 Nf6 8. O-O Qc7 9. Re1 cxd4 10. Bb5+ Be7 11. Qe2 Bg4 12. h3 Bxf3 13. Nxf3 Ne4 $11 14. Nxd4 O-O 15. Be3 Nxd4 16. Bxd4 Bc5 17. Rad1 Bxd4 18. Rxd4 Nf6 19. Red1 Qb6 20. c3 h6 21. Ba4 Rad8 22. Bb3 Rde8 23. Qf3 Re5 24. g3 Qe6 25. Kg2 Re2 26. R1d2 Rxd2 27. Rxd2 Rd8 28. c4 Qb6 29. cxd5 Rd6 30. Rc2 Qd8 31. Rc5 g6 32. h4 Qd7 33. Qc3 Kg7 34. Rc7 Qb5 35. Qe5 Rd7 36. Rxd7 Qxd7 37. Qd4 b6 38. d6 Qc6+ 39. Kh2 b5 40. Bd1 h5 41. Be2 a6 42. Bf1 Qd7 43. Bh3 Qd8 44. d7 Kf8 45. Qc5+ Kg7 46. Qc8 Qb6 47. d8=Q Ng4+ 48. Kh1 1-0

[Event "Tournament of Champions Women 2018"]
[Site "Pleven"]
[Date "2018.05.18"]
[Round "6"]
[White "Antova, Gabriela"]
[Black "Nikolova, Adriana"]
[Result "1/2-1/2"]
[ECO "D17"]
[WhiteElo "2270"]
[BlackElo "2275"]
[Annotator "NA"]
[PlyCount "77"]
[EventDate "2018.??.??"]
[EventCountry "BUL"]
[SourceTitle "playchess.com"]
[Source "ChessBase"]
[SourceQuality "1"]
[TimeControl "5400+30"]

1. d4 d5 2. Nf3 Nf6 3. c4 c6 4. Nc3 dxc4 5. a4 Bf5 6. Ne5 Nbd7 7. Nxc4 Qc7 8. g3 e5 9. dxe5 Nxe5 10. Bf4 Nfd7 11. Bg2 g5 {D17: Damengambit (Slawische Verteidigung)} 12. Ne3 (12. Nxe5 gxf4 13. Nxd7 O-O-O 14. Qd4 Qxd7 15. Qxf4 Bd6 16. Qc1 Be5 17. O-O Qd2 18. Rd1 Qxc1 19. Raxc1 Rxd1+ 20. Nxd1 {1-0 (48) Yu,Y (2751)-Mamedov,R (2709) Huaian 2017}) 12... gxf4 13. Nxf5 O-O-O 14. Qc2 Nc5 15. O-O fxg3 16. hxg3 a5 17. Rfd1 h5 18. Ne4 Nxe4 19. Qxe4 {[#]} Bc5 $146 20. Bh3 Kb8 $11 21. Rac1 Rxd1+ 22. Rxd1 Ng6 23. e3 Rd8 24. Rxd8+ Qxd8 25. Nh6 Qf8 26. Qf5 Qxh6 27. Qxc5 Qh8 28. Qxa5 Qxb2 29. Qxh5 Qa1+ 30. Bf1 Qxa4 31. Qf5 Qb3 32. Qe4 Qe6 33. Qxe6 fxe6 34. f4 Kc7 35. Bd3 Ne7 36. g4 Kd7 37. Kf2 b5 38. g5 Nf5 39. Ke2 1/2-1/2